 Dungeon Crawl Stone Soup version 0.27.1-2-g3b301248ec (webtiles) character file.

Game seed: 4233426438128041249

191 vvl the Changer (level 5, 0/34 HPs)
             Began as an Octopode Transmuter on Sept 27, 2021.
             Splashed by a jelly's acid (9 damage)
             ... on level 4 of the Dungeon.
             The game lasted 00:07:47 (3654 turns).

vvl the Changer (Octopode Transmuter)               Turns: 3654, Time: 00:07:51

Health: 0/34       AC: -7    Str: 11    XL:     5   Next: 70%
Magic:  7/8        EV: 13    Int: 15    God:
Gold:   172        SH:  0    Dex: 12    Spells: 4/9 levels left

rFire    . . .     SeeInvis .     - Unarmed
rCold    + . .     Faith    .   (no shield)
rNeg     . . .     Spirit   .   (helmet currently unavailable)
rPois    +         Reflect  .   (no amulet)
rElec    .         Harm     .   g - ring of protection from cold
rCorr    .         Rampage  .   l - ring of poison resistance
Will     .....                  i - ring of wizardry
Stlth    ++........             (no ring)
HPRegen  0.11/turn              (no ring)
MPRegen  0.11/turn              (no ring)
                                (no ring)
                                (no ring)

@: appendages, corroded
A: tentacle spike 3, almost no armour, amphibious, 8 rings, camouflage 1,
gelatinous body 1, (nimble swimmer 1), tentacles
a: End Transformation


You were on level 4 of the Dungeon.
One of your tentacles had grown a beastly spike.
You visited 1 branch of the dungeon, and saw 4 of its levels.

You collected 172 gold pieces.

Inventory:

Jewellery
 g - a ring of protection from cold (left tentacle)
 i - a ring of wizardry (on tentacle)
 l - a ring of poison resistance (right tentacle)
Scrolls
 c - 2 scrolls of teleportation {unknown}
 h - a scroll of vulnerability
 j - a scroll of fear
Potions
 a - 2 potions of haste
 e - a potion of curing {unknown}
 f - 2 potions of attraction
 k - a potion of flight {unknown}


   Skills:
 + Level 2.1 Fighting
 + Level 2.6 Dodging
 + Level 3.4 Unarmed Combat
 + Level 2.6 Spellcasting
 * Level 3.5 Transmutations
 + Level 1.8 Ice Magic


You had 4 spell levels left.
You knew the following spells:

 Your Spells              Type           Power      Damage    Failure   Level
a - Beastly Appendage     Tmut           24%        N/A       1%          1
b - Ice Form              Ice/Tmut       10%        N/A       26%         4

Your spell library contained the following spells:

 Spells                   Type           Power      Damage    Failure   Level
 Wereblood                Tmut           12%        N/A       2%          2
 Summon Small Mammal      Summ           4%         N/A       9%          1
 Spider Form              Tmut/Pois      3%         N/A       12%         3
 Call Canine Familiar     Summ           1%         N/A       26%         3
 Portal Projectile        Hex/Tloc       2%         N/A       26%         3
 Summon Guardian Golem    Hex/Summ       1%         N/A       26%         3
 Blade Hands              Tmut           6%         N/A       45%         5
 Excruciating Wounds      Necr           0%         N/A       90%         5


Dungeon Overview and Level Annotations

Branches:
Dungeon (4/15)
 Temple: D:4-7

Altars:


Innate Abilities, Weirdness & Mutations

One of your tentacles has grown a beastly spike.
You cannot wear most types of armour.
You are amphibious.
You can wear up to eight rings at the same time.
Your skin changes colour to match your surroundings (Stealth+).
Your rubbery body absorbs attacks. (AC +1, EV +1)
((You are camouflaged near water. (Stealth+)))
You have tentacles for arms and can constrict up to eight enemies at once.


Message History

You tentacle-slap the quokka.
You kill the quokka!
The helpless hobgoblin fails to defend itself.
You tentacle-slap the hobgoblin. Your grab misses the hobgoblin.
Your tentacle spike misses the hobgoblin.
You squeeze the hobgoblin.
You kill the hobgoblin!
Your transformation is almost over.
No target in view!
No target in view!
No target in view!
HP restored.
Your tentacle spike disappears.
You see here a quokka corpse.
A jelly comes into view.
Found 16 gold pieces.
A jelly is nearby!
A jelly is nearby!
A jelly is nearby!
A jelly is nearby!
One of your tentacles grows a vicious spike.
No target in view!
No target in view!
No target in view!
No target in view!
A jelly is nearby!
Found an escape hatch in the floor.
Found a stone staircase leading down.
The jelly hits you. The acid corrodes you!
You are splashed with acid!
You tentacle-slap the jelly but do no damage.
Your tentacles burn!
You squeeze the jelly.
The jelly is lightly wounded.
The jelly hits you. The acid corrodes you!
You are splashed with acid!
You tentacle-slap the jelly but do no damage.
Your tentacles burn!
You squeeze the jelly.
The jelly is heavily wounded.
The jelly hits you.
* * * LOW HITPOINT WARNING * * *
You are splashed with acid!
You die...

########.##
#..@J...$.>
#.#####>.##
#.# #.# #.#
#.#.# #.#.#
#.#.# #
##.#.##


You could see a jelly.

Vanquished Creatures
  Jessica (D:3)
  An iguana (D:3)
  A hound skeleton (D:3)
  Robin (D:3)
  3 adders (D:2)
  2 worms
  3 dart slugs
  8 ball pythons
  3 bats
  An endoplasm (D:2)
  3 giant cockroaches
  16 goblins
  8 hobgoblins
  2 jackals (D:1)
  4 quokkas
  6 frilled lizards
  9 kobolds
  6 rats
78 creatures vanquished.

Notes
Turn   | Place    | Note
-------+----------+-------------------------------------------
     0 | D:1      | vvl the Octopode Transmuter began the quest for the Orb.
     0 | D:1      | Reached XP level 1. HP: 13/13 MP: 3/3
   374 | D:1      | Reached XP level 2. HP: 18/18 MP: 5/5
   783 | D:1      | Reached XP level 3. HP: 22/23 MP: 4/6
  1189 | D:2      | Reached skill level 1 in Ice Magic
  1603 | D:2      | You fall into a shaft and drop 2 floors!
  1654 | D:4      | Noticed an ogre
  1669 | D:4      | Reached XP level 4. HP: 28/28 MP: 7/7
  2693 | D:3      | Noticed Jessica
  2699 | D:3      | Killed Jessica
  2700 | D:3      | Reached XP level 5. HP: 30/34 MP: 6/8
  3142 | D:3      | Learned a level 4 spell: Ice Form
  3367 | D:3      | Noticed Robin
  3389 | D:3      | Killed Robin
  3654 | D:4      | Splashed by a jelly's acid

Illustrated notes

Levels and vault maps discovered:
D:1:      shiori_arrival_maze, layout_rooms, hangedman_decor_push,
          minmay_3d_cube
D:2:      layout_loops_ring
D:3:      layout_rooms, uniq_robin, uniq_jessica
D:4:      layout_loops_ring, minmay_bisected

Skill      XL: |  1  2  3  4 |
---------------+-------------+-----
Ice Magic      | 1 |  1.8
Transmutations | 3 |  3.5
Fighting       | 2 |  2.1
Dodging        | |  2.6
Unarmed Combat | |  3.4
Spellcasting   | |  2.6

Action                   |  1- 3 |  4- 6 || total
-------------------------+-------+-------++-------
Melee: Unarmed           |    81 |    92 ||   173
       Constrict         |    29 |    16 ||    45
       Kick              |    12 |    11 ||    23
       Tentacles         |    11 |    17 ||    28
       Punch             |     1 |       ||     1
 Cast: Beastly Appendage |    16 |    19 ||    35
       Ice Form          |       |     1 ||     1
  Use: Scroll            |       |     5 ||     5
 Stab: Sleeping          |     2 |     8 ||    10
Armor: Skin              |    12 |    13 ||    25
Dodge: Dodged            |    49 |    45 ||    94
